 Dungeon Crawl Stone Soup version 0.27-a0-1291-geefcff550b (webtiles) character file.

Game seed: 13869070227914652612

813 quinnr the Conjurer (level 7, -1/37 HPs)
             Began as a Tengu Conjurer on June 15, 2021.
             Was a Believer of Vehumet.
             Slain by a wyvern (13 damage)
             ... on level 5 of the Dungeon.
             The game lasted 00:25:32 (7497 turns).

quinnr the Conjurer (Tengu Conjurer)                Turns: 7497, Time: 00:25:32

Health: -1/37      AC:  6    Str:  7    XL:     7   Next: 93%
Magic:  3/14       EV: 14    Int: 20    God:    Vehumet [**....]
Gold:   441        SH:  0    Dex: 13    Spells: 6/15 levels left

rFire    . . .     SeeInvis .   v - +1 dagger (freeze)
rCold    . . .     Faith    +   (no shield)
rNeg     . . .     Spirit   .   a - +0 robe
rPois    .         Reflect  .   (helmet restricted)
rElec    .         Harm     .   (no cloak)
rCorr    .         Rampage  .   (no gloves)
Will     .....                  (boots unavailable)
Stlth    ++........             d - amulet of faith
HPRegen  0.12/turn              s - +4 ring of protection
MPRegen  0.14/turn              (no ring)

@: flying quickly and evasively, quick
A: beak, talons 3, nimble flight
a: Renounce Religion


You were on level 5 of the Dungeon.
You worshipped Vehumet.
Vehumet was pleased with you.
You visited 2 branches of the dungeon, and saw 7 of its levels.

You collected 441 gold pieces.

Inventory:

Hand Weapons
 v - a +1 dagger of freezing (weapon)
Missiles
 m - 61 poisoned darts
 x - 7 curare-tipped darts
 z - 7 boomerangs
Armour
 a - a +0 robe (worn)
 t - a +0 buckler
Magical Staves
 n - a staff of death
Jewellery
 d - an amulet of faith (around neck)
 s - a +4 ring of protection (left hand)
Wands
 y - a wand of acid (7)
Scrolls
 e - a scroll of vulnerability {unknown}
 g - 2 scrolls of fog
 k - a scroll of noise
 p - a scroll of amnesia {unknown}
 q - a scroll of holy word {unknown}
 r - 2 scrolls of teleportation {unknown}
 u - a scroll of torment {unknown}
Potions
 b - a potion of cancellation
 c - 2 potions of haste {unknown}
 f - 2 potions of flight {unknown}
 h - a potion of mutation {unknown}
 i - a potion of attraction
 j - a potion of invisibility {unknown}
 l - 2 potions of brilliance {unknown}
 o - 2 potions of curing {unknown}
 w - a potion of heal wounds {unknown}


   Skills:
 + Level 0.6 Fighting
 + Level 2.4 Dodging
 - Level 2.0 Stealth
 + Level 4.5 Spellcasting
 + Level 6.5 Conjurations
 - Level 3.0 Hexes
 - Level 4.2 Air Magic
 - Level 3.1 Poison Magic


You had 6 spell levels left.
You knew the following spells:

 Your Spells              Type           Power      Damage    Failure   Level
a - Magic Dart            Conj           100%       1d8       1%          1
b - Searing Ray           Conj           60%        3d5       1%          2
c - Dazzling Flash        Conj/Hex       46%        N/A       5%          3
d - Mephitic Cloud        Conj/Pois/Air  23%        N/A       5%          3

Your spell library contained the following spells:

 Spells                   Type           Power      Damage    Failure   Level
 Freeze                   Ice            16%        1d4       12%         1
 Corona                   Hex            17%        N/A       3%          1
 Poisonous Vapours        Pois/Air       38%        N/A       4%          2
 Slow                     Hex            16%        N/A       5%          2
 Sting                    Tmut/Pois      40%        1d5       6%          1
 Summon Small Mammal      Summ           16%        N/A       12%         1
 Fulminant Prism          Conj/Hex       11%        3d9       17%         4
 Call Imp                 Summ           4%         N/A       19%         2
 Inner Flame              Hex/Fire       10%        N/A       21%         3
 Portal Projectile        Hex/Tloc       20%        N/A       21%         3
 Summon Guardian Golem    Hex/Summ       10%        N/A       21%         3
 Ignite Poison            Fire/Tmut/Pois 8%         N/A       24%         3
 Iskenderun's Mystic Bla  Conj/Tloc      17%        2d5       32%         4
 Olgreb's Toxic Radiance  Pois           17%        N/A       32%         4
 Cause Fear               Hex            8%         N/A       34%         4
 Call Canine Familiar     Summ           4%         N/A       36%         3
 Summon Lightning Spire   Summ/Air       13%        N/A       45%         4
 Leda's Liquefaction      Hex/Erth       5%         N/A       54%         4
 Summon Ice Beast         Ice/Summ       4%         N/A       77%         4


Dungeon Overview and Level Annotations

Branches:
Dungeon (6/15)             Temple (1/1) D:5

Altars:
Ashenzari
Cheibriados
Dithmenos
Elyvilon
Fedhas
Gozag
Hepliaklqana
Makhleb
Nemelex Xobeh
Okawaru
Qazlal
Ru
Sif Muna
Trog
Uskayaw
Vehumet
Wu Jian
Xom
Yredelemnul
Zin
The Shining One


Innate Abilities, Weirdness & Mutations

You have a beak for a mouth.
You have claws for feet.
Your magical nature lets you fly swiftly and evasively.


Message History

Where to? (Enter - D:5 @ (x,y), ? - help)
There is a stone staircase leading down here.
You fly downwards.
A wyvern, 2 kobolds and a kobold brigand come into view.
The kobold brigand is wielding a +0 club and quivering poisoned darts.
A kobold is wielding a +0 whip and quivering poisoned darts.
The kobold shouts! x2; You hear a shout!
A kobold comes into view. It is wielding a +0 dagger.
The kobold brigand shouts!
Found a robe and a wand of acid (6).
Found a stone staircase leading up.
There is a stone staircase leading up here.
The wyvern misses you.
The kobold throws a poisoned dart.
The poisoned dart hits you!
You are poisoned.
The wyvern barely misses you.
You fly upwards.
You feel very sick.
There is a stone staircase leading down here.
Casting: Magic Dart (safe; 1% risk of failure)
Confirm with . or Enter, or press ? or * to list all spells.
The wyvern is dazzled.
You feel sick. The wyvern bites you!
Unknown command.
You feel sick.
You feel sick. The wyvern barely misses you.
You feel sick.
You feel sick.
The wyvern is no longer blind.
You feel sick. The wyvern barely misses you.
Casting: Dazzling Flash (dangerous; 5% risk of failure)
Confirm with . or Enter, or press ? or * to list all spells.
You feel sick.
You are no longer poisoned.
The wyvern misses you.
Unknown command.
Casting: Dazzling Flash (dangerous; 5% risk of failure)
Confirm with . or Enter, or press ? or * to list all spells.
The wyvern bites you. The wyvern closely misses you.
Unknown command.
Casting: Dazzling Flash (dangerous; 5% risk of failure)
Confirm with . or Enter, or press ? or * to list all spells.
The wyvern bites you!
You die...

#.######.#......##.........
#.# #.>.............####
#.# ##.#.###.#####..# # #.#
#.#.....# #..# # #.#
#.#..#### #..#### #######.#
#.#..#### #...... #.......#
#.<.....# ###.#####
#.#######
#.)...#.###........ #.#
#.@>..#............ #.#
#.l...##.####.####. #.#
#.#..#............. #.#
#.#...........####. #.#
#.....>............ #.#
####.#....######### #.#
#...........# # #.#
#.##..#####.# # #.#
#...........####


You could see a wyvern.

Vanquished Creatures
  An ogre (D:5)
  A kobold brigand (D:5)
  A scorpion (D:4)
  A water moccasin skeleton (D:4)
  A jelly (D:5)
  A centaur skeleton (D:5)
  2 bullfrog skeletons
  Ijyb (D:5)
  2 iguanas
  3 orc wizards (D:5)
  5 adders
  11 gnolls (D:5)
  3 worms
  2 dart slugs
  4 orcs
  5 bats
  11 endoplasms
  3 giant cockroaches (D:3)
  8 goblins
  10 hobgoblins
  7 jackals (D:4)
  2 quokkas
  12 ball pythons
  2 frilled lizards
  41 kobolds
  A quokka skeleton (D:4)
  8 rats
149 creatures vanquished.

Notes
Turn   | Place    | Note
-------+----------+-------------------------------------------
     0 | D:1      | quinnr the Tengu Conjurer began the quest for the Orb.
     0 | D:1      | Reached XP level 1. HP: 10/10 MP: 4/4
   195 | D:1      | Reached XP level 2. HP: 15/15 MP: 4/6
   199 | D:1      | Learned a level 2 spell: Searing Ray
   650 | D:1      | Found a faded altar of an unknown god.
   729 | D:1      | Reached XP level 3. HP: 15/19 MP: 2/7
   880 | D:1      | Reached skill level 6 in Conjurations
  1142 | D:2      | Learned a level 3 spell: Dazzling Flash
  1611 | D:2      | Reached skill level 1 in Hexes
  1611 | D:2      | Reached XP level 4. HP: 24/24 MP: 6/9
  1683 | D:2      | Found a glowing silver altar of Zin.
  2168 | D:3      | quinnr: ??staff
  2168 | D:3      | beem: magical staff[1/3]: (staves; +5 acc / 5 dam / 1.2
                  | base delay / 0.6 min delay). A one-handed staff that
                  | enhances the spellpower of spells in its respective school
                  | by 50% and has a chance of doing extra elemental damage
                  | {see magical staff[2]}. All but earth and conjurations also
                  | confer resistance of the appropriate type. Types: air,
                  | cold, conjurations, death, earth, fire, poison.
  2168 | D:3      | quinnr: ??staff[2
  2168 | D:3      | beem: magical staff[2/3]: Magical staves have a (2*evoc +
                  | magic skill)/30 chance of getting random2(1.25*(magic skill
                  | + evoc/2)) extra elemental damage (for earth this is
                  | increased by 1/3). This damage ignores AC, checking the
                  | appropriate resistance instead, except for conjurations,
                  | which checks AC, and earth, which checks AC three times.
  2168 | D:3      | quinnr: ??staff[3
  2168 | D:3      | beem: magical staff[3/3]: i almost never use enhancer
                  | staves unless i'm using them to enhance my casting
  2249 | D:2      | quinnr: !wtf TeCj
  2249 | D:2      | beem: Tengu Conjurer
  2249 | D:2      | quinnr: !whichgod TeCj
  2249 | D:2      | beem: 28 recent wins for TeCj: 11x Vehumet, 6x Ashenzari,
                  | 3x Gozag, 2x Okawaru, Ru, Dithmenos, Fedhas, Makhleb, Sif
                  | Muna, Hepliaklqana
  2979 | D:4      | Gained mutation: Your magical nature lets you fly swiftly
                  | and evasively. [Tengu growth]
  2979 | D:4      | Reached XP level 5. HP: 28/28 MP: 4/10
  3042 | D:3      | quinnr: ??tengu
  3042 | D:3      | beem: tengu[1/2]: A humanoid with bird-like heads and
                  | clawed feet, the Tengu can wear all types of armour except
                  | helmets and boots. Gains permanent Flight at XL5. While
                  | flying from any source, has +20% evasion and a -1 to
                  | movement delay.
  3042 | D:3      | quinnr: ??tengu[2
  3042 | D:3      | beem: tengu[2/2]: Also a monster type, appearing mainly in
                  | D/Depths (but also a handful of vaults). They move slightly
                  | faster than most players, fly, and include {tengu
                  | conjurer}s, {tengu warrior}s, and {tengu reaver}s.
  3610 | D:4      | Reached XP level 6. HP: 32/32 MP: 6/11
  3706 | D:4      | Learned a level 3 spell: Mephitic Cloud
  3717 | D:4      | Reached skill level 1 in Air Magic
  4425 | D:5      | Entered Level 5 of the Dungeon
  4425 | D:5      | Found a staircase to the Ecumenical Temple.
  4438 | Temple   | Entered the Ecumenical Temple
  4729 | Temple   | Became a worshipper of Vehumet
  4754 | D:5      | quinnr: ??vehumet
  4754 | D:5      | beem: vehumet[1/2]: The god of destructive magic. Offers
                  | you the opportunity to memorize up to 15 different
                  | destructive spells over the course of the game, beginning
                  | with a L1 spell at * piety and loosely weighted by
                  | elemental skills. Provides mana on kills at * piety,
                  | {wizardry} bonus for destructive spells at *** piety, and
                  | extra range at **** piety.
  4754 | D:5      | quinnr: ??vehumet[2
  4754 | D:5      | beem: vehumet[2/2]: At *** piety, Vehumet reduces spell
                  | failure for: any Conjuration, Airstrike, Ignite Poison,
                  | Ozocubu's Refrigeration, Sandblast, LRD, Shatter, Tornado,
                  | Freeze, OTR, Inner Flame. The change in success chance is
                  | like wearing 2 sources of {wizardry}, but isn't considered
                  | wizardry for stacking purposes.
  4757 | D:5      | Reached skill level 1 in Poison Magic
  5411 | D:5      | Reached XP level 7. HP: 32/36 MP: 8/13
  5950 | D:5      | Noticed Ijyb
  6023 | D:5      | Reached * piety under Vehumet
  6023 | D:5      | Offered knowledge of Foxfire by Vehumet.
  6410 | D:5      | Killed Ijyb
  7010 | D:5      | Offered knowledge of Freeze by Vehumet.
  7030 | D:5      | Reached ** piety under Vehumet
  7355 | D:5      | You are sucked into a shaft and drop 1 floor!
  7485 | D:6      | Noticed a wyvern
  7497 | D:5      | Slain by a wyvern

Illustrated notes

Levels and vault maps discovered:
D:1:      co_arrival_square_in_a_square_in_a_square, layout_basic,
          hellmonk_ecumenical_altar_run_dry
D:2:      layout_basic, basic_altar
D:3:      layout_basic
D:4:      layout_rooms, chequers_serial_rivers_micro_a,
          chequers_serial_rivers_micro_d
D:5:      minmay_goblin_kobold_castle, layout_loops_ring,
          minmay_temple_entry_offerings, uniq_ijyb
D:6:      layout_rooms, kennysheep_mini_moat, supply_closet_lemuel,
          kennysheep_nub
Temple:   regret_index_temple_sigil_plot

Skill      XL: |  1  2  3  4  5  6  7 |
---------------+----------------------+-----
Conjurations   | 6 |  6.5
Spellcasting   | 3 4 |  4.5
Hexes          | 1 2 3 |  3.0
Air Magic      | 2 4 |  4.2
Poison Magic   | 1 3 |  3.1
Fighting       | |  0.6
Dodging        | |  2.4
Stealth        | |  2.0

Action                   |  1- 3 |  4- 6 |  7- 9 || total
-------------------------+-------+-------+-------++-------
Melee: Dagger            |       |       |    10 ||    10
       Peck              |       |       |     1 ||     1
 Cast: Magic Dart        |    66 |    99 |   101 ||   266
       Searing Ray       |     3 |     9 |     7 ||    19
       Dazzling Flash    |       |     1 |     7 ||     8
       Mephitic Cloud    |       |       |     7 ||     7
  Use: Scroll            |     3 |     4 |       ||     7
Armor: Robe              |     2 |     5 |     3 ||    10
Dodge: Dodged            |    17 |     6 |    23 ||    46

Table legend: (Time is in decaauts)
 A = Elapsed time spent in this place.
 B = Non-inter-level travel time spent in this place.
 C = Inter-level travel time spent in this place.
 D = Time resting spent in this place.
 E = Time spent auto-exploring this place.
 F = Levels seen in this place.
 G = Mean time per level.
                   A        B        C        D        E       F      G
               +--------+--------+--------+--------+--------+-----+--------+
         Total |   7275 |   6687 |    588 |   1515 |   4123 |   7 | 1039.3 |
       Dungeon |   6995 |   6447 |    548 |   1515 |   3884 |   6 | 1165.8 |
        Temple |    279 |    240 |     39 |      0 |    238 |   1 |  279.0 |
               +--------+--------+--------+--------+--------+-----+--------+

Top non-repeatable levels by time:
     D:5: 2274 daAuts
     D:3: 1578 daAuts
     D:1: 1251 daAuts
     D:4: 1197 daAuts
     D:2: 682 daAuts
  Temple: 279 daAuts
     D:6: 11 daAuts
